Map: Curious Minds LE

Players

cure - Winner!

  • Race: Terran Terran

Spirit (souL)

  • Race: Terran Terran

Event: TSL 8

VOD

Have the link to the VOD?

Description

Time

  • Played on: Nov. 27, 2021, 8:12 a.m.
  • Length: 8:12

All games in this series

Show
View Real Time Build Order
Export as new Build Order

cure Terran - Winner!

Build Orders: Banshee Rush 

Get SALT Encoding   

  12  0:00  SCV  
  13  0:12  SCV  
  14  0:17  Supply Depot  
  14  0:24  SCV  
  15  0:38  SCV  
  15  0:40  Barracks  
  16  0:42  Refinery  
  16  0:50  SCV  
  16  0:52  Refinery  
  17  1:02  SCV  
  18  1:15  SCV  
  19  1:27  Reaper, Orbital Command  
  19  1:32  Supply Depot  
  20  1:43  Factory  
  20  1:53  SCV  
  22  2:02  Barracks Tech Lab  
  22  2:05  SCV  
  22  2:18  SCV  
  23  2:24  Command Center  
  23  2:30  SCV  
  23  2:33  Starport  
  24  2:39  Hellion  
  24  2:42  SCV  
  27  2:44  Barracks Reactor  
  27  2:49  Supply Depot  
  27  2:54  SCV  
  28  3:00  Widow Mine  
  30  3:06  SCV  
  30  3:09  Cloaking Field  
  31  3:13  Banshee  
  31  3:19  SCV  
  35  3:23  Factory Tech Lab  
  35  3:24  Refinery  
  35  3:27  Marine  
  35  3:28  Marine  
  35  3:31  SCV  
  38  3:38  Orbital Command  
  38  3:44  SCV  
  42  3:48  Cyclone  
  42  3:54  Marine  
  42  3:55  Marine  
  44  3:56  SCV  
  44  4:01  Raven  
  47  4:05  Supply Depot  
  47  4:08  SCV  
  47  4:09  SCV  
  49  4:14  Marine x2  
  51  4:21  Siege Tank  
  54  4:27  SCV x2  
  54  4:28  Supply Depot  
  56  4:32  Marine x2  
  58  4:39  SCV x2  
  60  4:49  Marine x2  
  60  4:50  Raven  
  60  4:51  SCV x2  
  66  4:57  Supply Depot  
  66  4:58  Siege Tank  
  69  5:04  SCV  
  70  5:07  Supply Depot  
  70  5:18  SCV x2, Marine x2  
  74  5:23  Supply Depot  
  74  5:27  Command Center  
  74  5:30  SCV, Siege Tank  
  74  5:34  SCV  
  79  5:42  Viking  
  81  5:43  SCV, Viking, Marine  
  81  5:47  Refinery  
  81  5:48  Supply Depot  
  85  5:50  Stimpack  
  85  5:53  SCV  
  85  5:55  SCV  
  87  6:00  Marine  
  87  6:02  Siege Tank  
  91  6:05  SCV  
  91  6:07  SCV  
  93  6:15  Viking  
  93  6:17  Barracks  
  93  6:18  Viking  
  97  6:19  Barracks  
  97  6:21  SCV x2  
  97  6:25  Marine  
  100  6:36  Engineering Bay  
  100  6:37  Engineering Bay  
  100  6:39  Siege Tank  
  103  6:43  Orbital Command  
  103  6:47  Viking  
  105  6:49  Viking  
  105  6:53  Marine  
  108  6:55  SCV  
  108  6:56  SCV  
  99  7:15  Orbital Command  
  99  7:16  Barracks Reactor  
  99  7:17  Barracks Reactor  
  99  7:20  Marine  
  99  7:22  Siege Tank  
  92  7:24  SCV  
  92  7:25  SCV  
  94  7:35  Barracks  
  94  7:36  Barracks  
  94  7:37  Marine  
  94  7:39  Viking x2  
  94  7:40  SCV x2  
  97  7:52  SCV, Marine x2  
  97  7:53  SCV x2  
  102  7:57  Supply Depot  
Show
View Real Time Build Order
Export as new Build Order

Spirit Terran 

Build Orders: Reaper Expand 

Get SALT Encoding   

  12  0:00  SCV  
  13  0:12  SCV  
  14  0:18  Supply Depot  
  14  0:25  SCV  
  15  0:39  SCV  
  15  0:41  Barracks  
  16  0:44  Refinery  
  16  0:52  SCV  
  17  1:04  SCV  
  18  1:16  SCV  
  19  1:28  Reaper  
  19  1:29  Orbital Command  
  20  1:39  Command Center  
  20  1:50  Supply Depot  
  20  1:54  SCV  
  20  2:00  Marine  
  22  2:06  Factory, SCV  
  23  2:12  Refinery  
  23  2:17  Bunker  
  23  2:20  Marine  
  24  2:24  SCV  
  25  2:36  SCV  
  26  2:38  Marine  
  27  2:48  SCV  
  27  2:50  Starport, Hellion  
  30  2:56  Orbital Command  
  30  2:57  Marine  
  31  3:01  SCV  
  32  3:12  Hellion  
  34  3:14  SCV, Refinery  
  34  3:17  Barracks Reactor  
  35  3:23  SCV  
  35  3:27  SCV  
  37  3:28  Starport Tech Lab  
  37  3:35  SCV, Factory Tech Lab  
  37  3:37  Supply Depot  
  37  3:39  SCV  
  39  3:47  SCV, Raven  
  42  3:51  SCV  
  42  3:53  Siege Tank  
  46  3:58  Marine x2  
  46  3:59  SCV  
  46  4:01  Supply Depot  
  49  4:04  Supply Depot, SCV  
  50  4:11  SCV  
  50  4:16  Marine  
  50  4:17  SCV  
  53  4:24  SCV  
  54  4:25  Marine  
  54  4:29  SCV  
  54  4:30  Raven  
  58  4:34  Marine  
  58  4:37  Supply Depot  
  58  4:38  Cyclone  
  62  4:39  SCV  
  61  4:46  Marine  
  61  4:51  Marine  
  63  4:55  Command Center  
  63  4:58  SCV  
  63  5:04  SCV, Marine  
  65  5:09  Refinery  
  65  5:10  SCV, Siege Tank, Marine  
  65  5:12  Raven  
  72  5:17  SCV  
  72  5:22  Supply Depot, Marine  
  72  5:24  Supply Depot  
  72  5:27  Marine  
  75  5:34  SCV, Engineering Bay  
  75  5:36  Engineering Bay  
  75  5:40  Marine  
  77  5:43  Siege Tank  
  79  5:53  SCV, Barracks  
  79  5:54  SCV, Barracks  
  81  6:03  Missile Turret  
  81  6:05  SCV  
  81  6:07  SCV  
  81  6:08  Viking  
  81  6:09  Viking  
  87  6:12  Stimpack  
  87  6:17  Orbital Command  
  87  6:19  SCV  
  88  6:26  SCV  
  88  6:27  Missile Turret  
  88  6:29  Siege Tank  
  88  6:31  SCV  
  93  6:37  Marine  
  93  6:38  SCV  
  95  6:42  Sensor Tower  
  95  6:44  Orbital Command  
  95  6:46  Barracks Reactor x2  
  95  6:49  SCV  
  95  6:52  Viking  
  95  6:53  Viking  
  98  6:55  SCV  
  97  7:01  SCV  
  97  7:04  Marine  
  99  7:08  Supply Depot  
  99  7:09  Supply Depot  
  99  7:14  Siege Tank  
  94  7:16  SCV  
  94  7:17  SCV  
  94  7:22  Marine  
  79  7:24  Marine  
  79  7:28  SCV, Viking  
  79  7:29  SCV, Marine  
  77  7:31  Marine x2  
  77  7:33  Viking  
  82  7:40  SCV, Marine  
  82  7:41  SCV  
  82  7:42  Marine  
  81  7:47  Marine  
  81  7:49  Marine x2  
  85  7:52  SCV  
  85  7:53  SCV  
Tags
 
Add a new tag
Caveats
  • Supply blocks, unpowered buildings, or Contaminate may cause inaccurate times.
  • Supply counts are checked every 10 seconds.